 Dungeon Crawl Stone Soup version 0.17.1-3-g152610e (webtiles) character file.

518 Heskey the Skirmisher (level 7, -1/55 HPs)
             Began as a Demonspawn Gladiator on Apr 5, 2016.
             Was an Initiate of Okawaru.
             Slain by Duvessa
             ... wielding a +0 short sword
              (5 damage)
             ... on level 4 of the Dungeon.
             The game lasted 00:06:31 (3630 turns).

Heskey the Skirmisher (Demonspawn Gladiator)        Turns: 3630, Time: 00:06:31

Health: -1/55      AC: 12    Str: 23    XL:     7   Next: 1%
Magic:  8/8        EV:  9    Int:  9    God:    Okawaru [......]
Gold:   134        SH:  2    Dex: 13    Spells: 0 memorised, 6 levels left

rFire  . . .     SeeInvis .     a - +0 trident
rCold  . . .     Clarity  .     f - +0 chain mail
rNeg   . . .     SustAt   .     (no shield)
rPois  .         Gourm    .     (helmet restricted)
rElec  .         Spirit   .     (no cloak)
rCorr  .         Warding  .     (no gloves)
rMut   .         Stasis   .     x - +0 pair of boots
MR     .....                    (no amulet)
Stlth  ..........               (no ring)
                                (no ring)

@: mighty, invisible, not resistant to hostile enchantments, extremely
unstealthy
A: antennae 2, large bone plates 1, nightstalker 1
a: Renounce Religion


You were on level 4 of the Dungeon.
You worshipped Okawaru.
Okawaru was noncommittal.
You were hungry.

You visited 1 branch of the dungeon, and saw 4 of its levels.

You collected 134 gold pieces.

Inventory:

Hand Weapons
 a - a +0 trident (weapon)
Missiles
 d - 3 throwing nets (quivered)
Armour
 c - a +0 helmet
 f - a +0 chain mail (worn)
 x - a +0 pair of boots (worn)
Jewellery
 q - an uncursed ring of see invisible {unknown}
Wands
 g - a wand of confusion (23)
 s - a wand of lightning (3)
 u - a wand of magic darts (12)
 y - a wand of flame (32)
Scrolls
 b - 4 scrolls of fog {unknown}
 j - 2 scrolls of amnesia {unknown}
 l - 2 scrolls of immolation {unknown}
 m - 2 scrolls of blinking {unknown}
 r - 3 scrolls of identify {unknown}
 t - 2 scrolls of teleportation {unknown}
 B - a scroll of remove curse {unknown}
 C - a scroll of fear {unknown}
 D - a scroll of magic mapping {unknown}
Potions
 h - a potion of might
 i - a potion of brilliance {unknown}
 k - 2 potions of magic
 n - a potion of cure mutation {unknown}
 o - a potion of invisibility
 p - 2 potions of resistance {unknown}
 v - 2 potions of lignification {unknown}
 w - a potion of poison {unknown}
 z - 2 potions of curing {unknown}
 A - 2 potions of degeneration {unknown}
Comestibles
 e - a bread ration


   Skills:
 * Level 4.9 Fighting
 + Level 4.3 Polearms
 - Level 1.7 Throwing
 + Level 3.2 Armour
 - Level 2.6 Dodging
 + Level 2.4 Invocations


You had 6 spell levels left.
You didn't know any spells.

Dungeon Overview and Level Annotations

Branches:
Dungeon (4/15)
 Temple: D:4-7

Altars:
Dithmenos
Okawaru
Qazlal

Annotations:
D:4 Dowan, Duvessa


Innate Abilities, Weirdness & Mutations

You have a pair of antennae on your head.
You are partially covered in large bone plates (AC +2, SH +2).
You are slightly more attuned to the shadows.


Message History

Unknown command.
You are too injured to fight recklessly!
Unknown command.
Duvessa closely misses you. Duvessa hits you with a short sword.
* * * LOW HITPOINT WARNING * * *
Dowan smirks and points a slender finger.
Duvessa hits you with a short sword.
* * * LOW HITPOINT WARNING * * *
Drink which item? (? for menu, Esc to quit)
It was a potion of magic.
Magic courses through your body. Duvessa hits you with a short sword.
* * * LOW HITPOINT WARNING * * *
Drink which item? (? for menu, Esc to quit)
It was a potion of invisibility.
You fade into invisibility!
Duvessa hits you with a short sword.
* * * LOW HITPOINT WARNING * * *
Duvessa hits you with a short sword.
You die...

#.# #.###.### #.# #.# #.#
###### #.# #.###.# #....#
#.########..##.### #....#
#.........†.......
###....################{##.###
.......[e.... .............
##....################.##.###
...........ee@.....†.##.##....
####################.##..#.###
#.###.#.#.. #.# #.#.#.# #.#
#.#.#.# #.# #...#.# #.#
##..#.. #.# #..### #.# ##>...


You could see Duvessa and Dowan.

Vanquished Creatures
  Blork the orc (D:4)
  A water moccasin skeleton (D:4)
  A centaur skeleton (D:4)
  Jessica (D:2)
  3 worker ants (D:4)
  Natasha (thrice) (D:3)
  A hound skeleton (D:4)
  Robin (D:2)
  7 gnolls
  6 adders
  An adder skeleton (D:4)
  A worm (D:2)
  An orc (D:4)
  4 bats
  6 giant cockroaches
  14 goblins
  9 hobgoblins
  12 jackals
  10 kobolds
  3 ball pythons
  2 giant geckos
  4 giant newts
  A quokka (D:2)
  9 rats
102 creatures vanquished.

Notes
Turn   | Place    | Note
--------------------------------------------------------------
     0 | D:1      | Heskey the Demonspawn Gladiator began the quest for the Orb.
     0 | D:1      | Reached XP level 1. HP: 16/16 MP: 1/1
   209 | D:1      | Gained mutation: You are partially covered in large bone plates (AC +2, SH +2). [demonic ancestry]
   209 | D:1      | Reached XP level 2. HP: 15/22 MP: 2/2
   356 | D:1      | Reached skill level 3 in Polearms
   653 | D:2      | Noticed Jessica
   657 | D:2      | Killed Jessica
   657 | D:2      | Reached skill level 1 in Armour
   657 | D:2      | Gained mutation: You are slightly more attuned to the shadows. [demonic ancestry]
   657 | D:2      | Reached XP level 3. HP: 28/28 MP: 3/3
   706 | D:2      | Noticed Robin
   707 | D:2      | Reached XP level 4. HP: 31/34 MP: 4/4
   754 | D:2      | Killed Robin
  1579 | D:3      | Found a shadowy altar of Dithmenos.
  1676 | D:3      | Noticed Natasha
  1688 | D:3      | Killed Natasha
  1688 | D:3      | Gained mutation: You have a pair of small antennae on your head. [demonic ancestry]
  1688 | D:3      | Reached XP level 5. HP: 29/41 MP: 5/5
  1778 | D:3      | Found an iron altar of Okawaru.
  1785 | D:3      | Became a worshipper of Warmaster Okawaru
  2180 | D:3      | Noticed Natasha
  2186 | D:3      | Killed Natasha
  2275 | D:3      | Noticed Natasha
  2284 | D:3      | Killed Natasha
  2470 | D:4      | Noticed Blork the orc
  2564 | D:4      | Reached skill level 4 in Fighting
  2564 | D:4      | Reached skill level 1 in Invocations
  2565 | D:4      | HP: 2/42 [something/puff of frost (8)]
  2566 | D:4      | Killed Blork the orc
  2566 | D:4      | Gained mutation: You have a pair of antennae on your head. [demonic ancestry]
  2566 | D:4      | Reached XP level 6. HP: 2/48 MP: 5/7
  3001 | D:4      | Found a stormy altar of Qazlal.
  3597 | D:4      | Reached XP level 7. HP: 48/55 MP: 8/8
  3610 | D:4      | Noticed Dowan
  3611 | D:4      | Noticed Duvessa
  3630 | D:4      | Slain by Duvessa

Action                   |  1- 3 |  4- 6 |  7- 9 || total
-------------------------+-------+-------+-------++-------
Melee: Trident           |   123 |   341 |     9 ||   473
Evoke: Wand              |       |     1 |       ||     1
  Use: Potion            |       |     4 |     3 ||     7
  Eat: Chunk             |       |     9 |       ||     9
